 Seeded DCSS version 0.32-a0-473-gd044c6f0f0 (webtiles) character file.

Game seed: 3342665431591073458 (custom seed)

13034 CougarLife the Geomancer (level 12, -1/60 HPs)
             Began as a Gargoyle Earth Elementalist on Feb 26, 2024.
             Was a High Priest of Vehumet.
             Constricted to death by Jorgrun (15 damage)
             ... on level 1 of the Orcish Mines.
             The game lasted 00:19:09 (12243 turns).

CougarLife the Geomancer (GrEE)                    Turns: 12243, Time: 00:19:09

Health: -1/60      AC: 17    Str: 13    XL:     12   Next: 1%
Magic:  17/24      EV:  7    Int: 20    God:    Vehumet [*****.]
Gold:   704        SH: 10    Dex: 10    Spells: 8/28 levels left

rFire   . . .        C - staff of conjuration
rCold   . . .        g - +0 kite shield
rNeg    + . .        I - +0 steam dragon scales
rPois   ∞            j - +0 helmet
rElec   +            P - +0 cloak {rCorr}
rCorr   +            K - +0 pair of gloves
SInv    .            D - +0 pair of boots
Will    .....        v - amulet of magic regeneration
Stlth   ++           m - ring of resist corrosion
HPRegen 0.30/turn    (no ring)
MPRegen 0.59/turn

%: no passive effects
@: grasped by roots, constricted, studying Short Blades
A: sickness immunity, AC +8, negative energy resistance 1, electricity
resistance, torment resistance 1, petrification resistance
a: Renounce Religion


You were on level 1 of the Orcish Mines.
You worshipped Vehumet.
Vehumet was extremely pleased with you.
You visited 3 branches of the dungeon, and saw 13 of its levels.
You also visited: Sewer, Ossuary and Bailey.

You collected 758 gold pieces.
You spent 54 gold pieces at shops.

Inventory:

Missiles
 M - 2 throwing nets
Armour
 g - a +0 kite shield (worn)
 j - a +0 helmet (worn)
 D - a +0 pair of boots (worn)
 I - +0 steam dragon scales (worn)
 K - a +0 pair of gloves (worn)
 P - a +0 cloak of preservation (worn)
Magical Staves
 C - a staff of conjuration (weapon)
Jewellery
 i - a ring of positive energy
 m - a ring of resist corrosion (left hand)
 v - an amulet of magic regeneration (around neck)
Wands
 p - a wand of polymorph (1)
 L - a wand of charming (10)
Scrolls
 c - 6 scrolls of teleportation {unknown}
 d - 12 scrolls of identify {unknown}
 f - 2 scrolls of amnesia {unknown}
 k - a scroll of brand weapon {unknown}
 o - 2 scrolls of acquirement
 r - 2 scrolls of revelation {unknown}
 s - a scroll of noise {unknown}
 t - 2 scrolls of blinking {unknown}
 x - 2 scrolls of immolation {unknown}
 y - 2 scrolls of fear {unknown}
 z - 4 scrolls of enchant weapon {unknown}
 A - 5 scrolls of fog {unknown}
 E - 2 scrolls of enchant armour {unknown}
 F - 2 scrolls of vulnerability {unknown}
 G - a scroll of torment {unknown}
 H - a scroll of silence {unknown}
 J - 3 scrolls of poison {unknown}
Potions
 a - a potion of cancellation {unknown}
 b - a potion of magic
 e - 4 potions of heal wounds
 h - 3 potions of lignification {unknown}
 l - 6 potions of might
 q - 5 potions of curing {unknown}
 u - 3 potions of invisibility {unknown}
 w - 6 potions of enlightenment {unknown}
 B - 2 potions of haste {unknown}
 N - a potion of brilliance {unknown}
 O - a potion of mutation {unknown}


   Skills:
 + Level 0.7 Fighting
 - Level 1.5 Dodging
 - Level 2.1 Stealth
 - Level 9.7 Shields
 + Level 8.7 Spellcasting
 + Level 10.6 Conjurations
 - Level 3.6 Air Magic
 + Level 11.4 Earth Magic


You had 8 spell levels left.
You knew the following spells:

 Your Spells              Type           Power      Damage    Failure   Level
a - Sandblast             Erth           100%       2d20      1%          1
b - Stone Arrow           Conj/Erth      100%       3d13      1%          3
c - Lee's Rapid Deconstr  Erth           26%        3d14*     1%          5
d - Freezing Cloud        Conj/Ice/Air   20%        6-21      19%         5
e - Conjure Ball Lightni  Conj/Air       27%        3x3d8     36%         6

Your spell library contained the following spells:

 Spells                   Type           Power      Damage    Failure   Level
 Bombard                  Conj/Erth      34%        9d6       9%          6
 Shock                    Conj/Air       100%       1d9       1%          1
 Sting                    Conj/Alch      100%       1d9       1%          1
 Passwall                 Erth           53%        N/A       1%          3
 Brom's Barrelling Bould  Conj/Erth      68%        2d8       1%          4
 Airstrike                Air            11%        2d(2-18)  12%         4
 Swiftness                Air            23%        N/A       13%         3
 Apportation              Tloc           16%        N/A       19%         1
 Necrotise                Necr           32%        1d5       19%         1
 Summon Small Mammal      Summ           32%        N/A       19%         1
 Petrify                  Alch/Erth      31%        N/A       19%         4
 Ensorcelled Hibernation  Hex/Ice        16%        N/A       28%         2
 Ignite Poison            Fire/Alch      8%         N/A       41%         4
 Fire Storm               Conj/Fire      22%        8d6       100%        9
 Cigotuvi's Dreadful Rot  Necr/Alch/Air  Unusable   N/A       N/A         2

Dungeon Overview and Level Annotations

Branches:
Dungeon (11/15)            Temple (1/1) D:7             Orc (1/2) D:9
  Sewer (visited)         Ossuary (visited)          Bailey (visited)
   Lair: D:8-11

Altars:
Ashenzari
Cheibriados
Dithmenos
Elyvilon
Fedhas
Gozag
Hepliaklqana
Kikubaaqudgha
Makhleb
Nemelex Xobeh
Okawaru
Qazlal
Ru
Sif Muna
Trog
Uskayaw
Vehumet
Wu Jian
Xom
Yredelemnul
Zin
The Shining One

Shops:
D:5 [   D:9 (   Orc:1 (

Annotations:
D:3 3 runed translucent doors, GiantSquids's ghost, amateur CoGl
Orc:1 Jorgrun


Innate Abilities, Weirdness & Mutations

You are immune to sickness and miasma.
Your stone body is resilient. (AC +8)
You are immune to poison.
You resist negative energy. (rN+)
You are resistant to electric shocks. (rElec)
You are resistant to unholy torment.
You are immune to petrification.


Message History

Jorgrun points at you and mumbles some strange words.
Roots burst forth from the earth!
The grasping roots grab you! The grasping roots constrict you.
An orc comes into view. It is wielding a +0 dagger.
An orc wizard comes into view. It is wielding a +0 dagger.
Magic courses through your body. You block Jorgrun's attack.
The grasping roots constrict you!
Casting: Sandblast (safe; 1% risk of failure)
Confirm with . or Enter, or press ? or * to list all spells.
Aiming: Stone Arrow (safe; 1% risk of failure)
Press: ? - help, Shift-Dir - straight line, f/p - Jorgrun
Aim: Jorgrun, wielding a staff of earth and wearing a +0 robe (severely wounded, 63% to hit)
You feel a surge of power!
The stone arrow misses Jorgrun.
The orc shouts!
The orc wizard shouts!
You hear a shout!
Jorgrun hits you with a staff of earth. The grasping roots constrict you!
The ogre hits you with a +0 giant spiked club.
Casting: Stone Arrow (safe; 1% risk of failure)
Confirm with . or Enter, or press ? or * to list all spells.
Aiming: Stone Arrow (safe; 1% risk of failure)
Press: ? - help, Shift-Dir - straight line, f - ogre, p - Jorgrun
Aim: an ogre, wielding a +0 giant spiked club (89% to hit)
You feel a surge of power!
The stone arrow hits the ogre!!
The ogre is severely wounded.
Jorgrun hits you but does no damage. The ground beneath you fractures!
* * * LOW HITPOINT WARNING * * *
The grasping roots constrict you.
* * * LOW HITPOINT WARNING * * *
The ogre barely misses you.
Casting: Stone Arrow (safe; 1% risk of failure)
Confirm with . or Enter, or press ? or * to list all spells.
Aiming: Stone Arrow (safe; 1% risk of failure)
Press: ? - help, Shift-Dir - straight line, f/p - ogre
Aim: an ogre, wielding a +0 giant spiked club (severely wounded, 89% to hit)
You feel a surge of power!
The stone arrow hits the ogre!!
You kill the ogre!
Vehumet accepts your kill.
You feel your power returning. Jorgrun closely misses you.
The grasping roots constrict you!
You die...

## § ##.## §☼
.... #☼###..#
#§§.$.###
#§§g@...#
∩....°§))..#
.#.....°§°.#
........○...#
..oo...○°°...#
..o......#.....
............$..
.#............#


You could see Jorgrun, 2 orc wizards and an orc.

Vanquished Creatures
  2 two-headed ogres
  Maurice (D:8)
  Maggie (D:9)
  Jeremiah (D:9)
  2 kobold demonologists (Bailey)
  A troll (D:11)
  A hornet (D:7)
  A shadow (D:10)
  A wyvern (D:10)
  14 yaks
  A steam dragon (D:7)
  A warg (D:9)
  2 swamp worms (D:10)
  2 acid dragons (D:9)
  A water moccasin (D:8)
  8 ice beasts
  19 orc warriors
  A sky beast (D:8)
  2 ogres
  5 centaurs
  2 phantoms
  3 kobold brigands
  Blork the orc (D:5)
  A weeping skull (D:10)
  5 bullfrogs
  9 scorpions
  A jelly (D:5)
  14 wights
  4 killer bees (D:9)
  3 electric eels
  2 bombardier beetles
  A centaur zombie (Ossuary)
  2 human zombies (Ossuary)
  4 hounds
  8 orc priests
  2 gnoll boudas (D:8)
  Crazy Yiuf (D:2)
  A sleepcap (D:4)
  2 iguanas
  A scorpion zombie (Ossuary)
  Natasha (thrice) (D:2)
  6 orc wizards
  3 mummies (Ossuary)
  Robin (D:2)
  9 gnolls
  A river rat (D:6)
  8 adders
  A shadow imp (D:7)
  2 white imps
  2 ufetubi (D:7)
  3 adder zombies (Ossuary)
  2 ribbon worms
  3 dart slugs
  31 orcs
  18 ball pythons
  9 endoplasms
  5 giant cockroaches
  3 gnoll zombies (Ossuary)
  21 goblins
  10 hobgoblins
  4 jackals (D:1)
  14 kobolds
  5 quokkas
  A ball python zombie (Ossuary)
  7 bats
  3 frilled lizards
  4 jackal zombies (Ossuary)
  4 orc zombies (Ossuary)
  33 rats
  A spectral orc (D:10)
351 creatures vanquished.

Vanquished Creatures (others)
  An orc wizard (D:7)
  An orc (D:7)
  27 ball lightnings
29 creatures vanquished.

Grand Total: 380 creatures vanquished

Notes
Turn   | Place    | Note
-------+----------+-------------------------------------------
     0 | D:1      | CougarLife the Gargoyle Earth Elementalist began the quest
                  | for the Orb.
     0 | D:1      | Reached XP level 1. HP: 10/10 MP: 3/3
    67 | D:1      | Reached XP level 2. HP: 15/15 MP: 0/5
   497 | D:1      | Reached skill level 4 in Earth Magic
   525 | D:1      | You fall into a shaft and drop 1 floor!
   756 | D:1      | Reached XP level 3. HP: 19/19 MP: 4/6
   981 | D:2      | Found a radiant altar of Vehumet.
   989 | D:2      | Became a worshipper of Vehumet
  1116 | D:2      | Noticed Natasha
  1123 | D:2      | Killed Natasha
  1124 | D:2      | Reached XP level 4. HP: 15/24 MP: 2/8
  1295 | D:2      | Noticed Natasha
  1298 | D:2      | Killed Natasha
  1427 | D:2      | Noticed Robin
  1440 | D:2      | Killed Robin
  1530 | D:2      | Noticed Natasha
  1535 | D:2      | Killed Natasha
  1536 | D:2      | Reached XP level 5. HP: 19/28 MP: 4/9
  1607 | D:2      | Reached * piety under Vehumet
  1607 | D:2      | Offered knowledge of Magic Dart by Vehumet.
  1657 | D:2      | Found a runed translucent door.
  1658 | D:2      | Noticed Crazy Yiuf
  1884 | D:2      | Killed Crazy Yiuf
  1885 | D:2      | Reached skill level 5 in Earth Magic
  2171 | D:2      | Learned a level 3 spell: Stone Arrow
  2506 | D:3      | Reached XP level 6. HP: 31/32 MP: 7/11
  2633 | D:3      | Found a runed translucent gate.
  2634 | D:3      | Found a runed translucent gate.
  2635 | D:3      | Found a runed translucent gate.
  2638 | D:3      | Noticed GiantSquids's ghost (amateur CoGl)
  2830 | D:3      | Found a faded altar of an unknown god.
  3150 | D:4      | Found a sand-covered staircase.
  3154 | Ossuary  | Entered an ossuary
  3224 | Ossuary  | Offered knowledge of Static Discharge by Vehumet.
  3334 | Ossuary  | Reached ** piety under Vehumet
  3335 | Ossuary  | Reached skill level 6 in Earth Magic
  3423 | Ossuary  | Reached XP level 7. HP: 27/36 MP: 3/13
  3580 | Ossuary  | Reached skill level 5 in Conjurations
  3807 | Ossuary  | Reached skill level 5 in Spellcasting
  3807 | Ossuary  | Reached skill level 7 in Earth Magic
  3807 | Ossuary  | Reached XP level 8. HP: 41/41 MP: 11/15
  3947 | D:4      | Offered knowledge of Hailstorm by Vehumet.
  3969 | D:4      | Got the Handbook of Tephra and Chilblains
  5143 | D:5      | Entered Level 5 of the Dungeon
  5145 | D:5      | Reached *** piety under Vehumet
  5161 | D:5      | Found Conizxei's Armour Shoppe.
  5180 | D:5      | Bought a +0 kite shield for 54 gold pieces
  5584 | D:5      | Noticed Blork the orc
  5594 | D:5      | Killed Blork the orc
  5595 | D:5      | Reached skill level 1 in Air Magic
  5966 | D:5      | Reached skill level 8 in Earth Magic
  5978 | D:6      | Reached XP level 9. HP: 12/45 MP: 8/17
  6145 | D:6      | Offered knowledge of Sticky Flame by Vehumet.
  6166 | D:6      | Found a glowing drain.
  6173 | Sewer    | Entered a sewer
  6287 | Sewer    | Reached **** piety under Vehumet
  6350 | Sewer    | Offered knowledge of Lee's Rapid Deconstruction by Vehumet.
  6357 | Sewer    | Learned a level 5 spell: Lee's Rapid Deconstruction
  6363 | Sewer    | Learned a level 5 spell: Freezing Cloud
  6795 | D:6      | Found a white marble altar of Elyvilon.
  7021 | D:7      | Found a hide-covered altar of Uskayaw.
  7021 | D:7      | Noticed a +0 hand axe
  7022 | D:7      | Noticed a +0 hand axe
  7039 | D:7      | Noticed a hornet
  7043 | D:7      | Killed a hornet
  7091 | D:7      | Found a staircase to the Ecumenical Temple.
  7100 | Temple   | Entered the Ecumenical Temple
  7186 | D:7      | Noticed a two-headed ogre
  7190 | D:7      | Killed a two-headed ogre
  7192 | D:7      | Reached skill level 9 in Earth Magic
  7212 | D:7      | Reached XP level 10. HP: 38/50 MP: 9/19
  7579 | D:8      | Found a flagged portal.
  7647 | Bailey   | Entered a bailey
  7856 | Bailey   | Reached skill level 5 in Shields
  7979 | Bailey   | Reached ***** piety under Vehumet
  7990 | Bailey   | Noticed a kobold demonologist
  7996 | Bailey   | Killed a kobold demonologist
  8073 | Bailey   | Offered knowledge of Conjure Ball Lightning by Vehumet.
  8088 | Bailey   | Learned a level 6 spell: Conjure Ball Lightning
  8418 | Bailey   | Found an iron altar of Okawaru.
  8418 | Bailey   | Noticed a kobold demonologist
  8421 | Bailey   | Killed a kobold demonologist
  8611 | Bailey   | Got the Parchment of the Six Portals
  8629 | Bailey   | Identified the +0 robe "Hoag" {Fly rPois Regen+ Int-2}
  9331 | D:8      | Reached skill level 10 in Earth Magic
  9704 | D:8      | Noticed Maurice
  9709 | D:8      | Killed Maurice
  9710 | D:8      | Reached XP level 11. HP: 54/54 MP: 9/22
  9940 | D:8      | Found a shimmering altar of Xom.
  9943 | D:8      | Found a glowing golden altar of the Shining One.
  9946 | D:8      | Found a glowing silver altar of Zin.
 10185 | D:9      | Noticed Maggie
 10194 | D:9      | Killed Maggie
 10224 | D:9      | Found a staircase to the Orcish Mines.
 10264 | D:9      | Noticed Jeremiah
 10270 | D:9      | Killed Jeremiah
 10462 | D:9      | Found Yshovvea's Weapon Emporium.
 11010 | D:10     | Entered Level 10 of the Dungeon
 11010 | D:10     | Noticed a two-headed ogre
 11014 | D:10     | Reached skill level 10 in Conjurations
 11110 | D:9      | HP: 2/54 [orc warrior/+0 war axe (7)]
 11342 | D:10     | Reached skill level 11 in Earth Magic
 11390 | D:10     | Killed a two-headed ogre
 11506 | D:10     | HP: 1/54 [swamp worm (8)]
 11819 | D:10     | Found a basalt altar of Yredelemnul.
 12044 | D:11     | Reached XP level 12. HP: 60/60 MP: 14/24
 12126 | D:11     | Offered knowledge of Bombard by Vehumet.
 12228 | Orc:1    | Entered Level 1 of the Orcish Mines
 12228 | Orc:1    | Found Dymp's Antique Weapon Emporium.
 12233 | Orc:1    | Noticed Jorgrun
 12243 | Orc:1    | Constricted to death by Jorgrun

Illustrated notes

Levels and vault maps discovered:
D:1:      minmay_arrival_stair_chambers, layout_loops_cross
D:2:      layout_basic, basic_altar, chequers_serial_rivers_marsh, uniq_robin,
          uniq_natasha, uniq_crazy_yiuf_cottage
D:3:      layout_basic, gammafunk_ghost_nasty_kobolds,
          ebering_ecumenical_altar_webs, nrook_mini_vaults, minmay_fountain_box,
          minmay_cupped
D:4:      layout_layer_cave, enter_ossuary_5
D:5:      layout_gridville, serial_shops, shop, uniq_blork_the_orc
D:6:      layout_loops_ring, elyvilon_altar_3, gup_sewer_entry_bubbles
D:7:      layout_cave_pools, dancing_weapons_uskayaw, temple_fountains
D:8:      layout_basic, minmay_overflow_temple_star_quad, enter_bailey_7,
          nicolae_grassy_gnolls, uniq_maurice
D:9:      layout_basic, david_orc_3, serial_shops, kennysheep_mini,
          uniq_jeremiah, uniq_maggie
D:10:     minmay_twisted_water, layout_rooms,
          yredelemnul_forgotten_temple_becter, worms_lemuel
D:11:     layout_basic, minmay_lair_entry_grove, minmay_misc_feat_doors,
          uniq_gastronok
Temple:   compressed_dpeg_triangle_lava_temple
Orc:1:    layout_diamond_mine, serial_shops, nicolae_shop_crystal, uniq_erolcha,
          uniq_harold, uniq_jorgrun

Skill      XL: |  1  2  3  4  5  6  7  8  9 10 11 |
---------------+----------------------------------+-----
Earth Magic    | 4 5 6 7 8 9 10 11 | 11.4
Conjurations   | 2 3 4 5 7 8 9 10 | 10.6
Spellcasting   | 3 4 5 6 7 8 |  8.7
Air Magic      | 2 3 |  3.6
Shields        | 3 7 9 |  9.7
Fighting       | |  0.7
Dodging        | |  1.5
Stealth        | |  2.1

Action                     |  1- 3 |  4- 6 |  7- 9 | 10-12 || total
---------------------------+-------+-------+-------+-------++-------
  Melee: Mace              |     7 |    21 |    49 |       ||    77
         Staff             |       |       |    11 |     5 ||    16
   Cast: Sandblast         |    38 |    82 |   134 |    56 ||   310
         Stone Arrow       |       |    11 |    22 |    58 ||    91
         Freezing Cloud    |       |       |     2 |    35 ||    37
         Lee's Rapid Decon |       |       |     2 |    25 ||    27
         Conjure Ball Ligh |       |       |       |    11 ||    11
    Use: Potion            |       |       |       |     3 ||     3
 Armour: Robe              |    15 |    58 |   128 |     1 ||   202
         Steam dragon scal |       |       |       |    73 ||    73
  Dodge: Dodged            |    17 |    47 |    97 |    44 ||   205
  Block: Kite shield       |       |       |       |     2 ||     2

Table legend: (Time is in decaauts)
 A = Elapsed time spent in this place.
 B = Non-inter-level travel time spent in this place.
 C = Inter-level travel time spent in this place.
 D = Time resting spent in this place.
 E = Time spent auto-exploring this place.
 F = Levels seen in this place.
 G = Mean time per level.
                   A        B        C        D        E       F      G
               +--------+--------+--------+--------+--------+-----+--------+
         Total |  12549 |  12060 |    489 |   2887 |   6783 |  16 |  784.3 |
       Dungeon |  10196 |   9707 |    489 |   1825 |   6323 |  11 |  926.9 |
        Temple |      1 |      1 |      0 |      0 |      0 |   1 |    1.0 |
  Orcish Mines |     15 |     15 |      0 |      0 |      0 |   1 |   15.0 |
         Sewer |    291 |    291 |      0 |      0 |    187 |   1 |  291.0 |
       Ossuary |    815 |    815 |      0 |    404 |     40 |   1 |  815.0 |
        Bailey |   1229 |   1229 |      0 |    658 |    232 |   1 | 1229.0 |
               +--------+--------+--------+--------+--------+-----+--------+

Top non-repeatable levels by time:
     D:9: 1447 daAuts
     D:8: 1305 daAuts
     D:4: 1251 daAuts
  Bailey: 1229 daAuts
     D:3: 1159 daAuts
     D:2: 1085 daAuts
     D:5: 962 daAuts
     D:1: 934 daAuts
 Ossuary: 815 daAuts
     D:6: 727 daAuts
     D:7: 697 daAuts
    D:10: 456 daAuts
   Sewer: 291 daAuts
    D:11: 168 daAuts
   Orc:1: 15 daAuts
